[ AOE2 MATCH · #458444760 ]
Team RMMagyars vs Tupi
[ REPLAY ANALYSIS · EXTRACTED FROM THE RECORDED GAME ]
Feudal
10:56
Castle
—
Imperial
—
| APM avg | 45.5 |
| APM peak | 81 |
| eAPM avg | 12.8 |
| Villagers / military | 40 / 3 |
Focus
⚔️ 9.1% · 🌾 90.9%
Scout Cavalry ×3
Feudal
11:46
Castle
—
Imperial
—
| APM avg | 25.1 |
| APM peak | 103 |
| eAPM avg | 11.4 |
| Villagers / military | 42 / 14 |
Focus
⚔️ 17.4% · 🌾 82.6%
Spearman ×8 · Militia ×6
Feudal
10:06
Castle
—
Imperial
—
| APM avg | 23.4 |
| APM peak | 61 |
| eAPM avg | 12.0 |
| Villagers / military | 25 / 12 |
Focus
⚔️ 17.1% · 🌾 82.9%
Militia ×12
Feudal
10:54
Castle
—
Imperial
—
| APM avg | 37.4 |
| APM peak | 79 |
| eAPM avg | 11.5 |
| Villagers / military | 36 / 4 |
Focus
⚔️ 14.9% · 🌾 85.1%
Fishing Ship ×3 · Demolition Raft ×2 · Spearman ×2
Match map
Initial resources + every placement click. Lines = walls · curves = elevation contours. ◆ gold · ⬟ stone · ● berries · ✦ relic · ◌ wall gap
Your base· Open — unwalled flank
OhYeahGoodBoy's base· Open — unwalled flank
TheQw's base· Open — unwalled flank
Hodor Noon's base· Open — unwalled flank
Smoothed initial terrain · ◌ = detected wall gap · hover for details
Inputs per minute
— acardend - - OhYeahGoodBoy
Build order — acardend
72 actions detected in the replay
| 0:01 | Create | Villager (Male) |
| 0:01 | Create | Villager (Male) |
| 0:02 | Create | Villager (Male) |
| 0:04 | Build | House |
| 0:05 | Build | House |
| 0:49 | Create | Villager (Male) |
| 0:49 | Create | Villager (Male) |
| 1:27 | Create | Villager (Male) |
| 1:27 | Create | Villager (Male) |
| 2:01 | Create | Villager (Male) |
| 2:01 | Create | Villager (Male) |
| 2:16 | Create | Villager (Male) |
| 2:16 | Create | Villager (Male) |
| 3:00 | Create | Villager (Male) |
| 3:01 | Create | Villager (Male) |
| 3:01 | Create | Villager (Male) |
| 3:28 | Create | Villager (Male) |
| 3:28 | Create | Villager (Male) |
| 3:37 | Create | Villager (Male) |
| 3:37 | Create | Villager (Male) |
| 4:09 | Create | Villager (Male) |
| 4:15 | Build | House |
| 4:24 | Build | Lumber Camp |
| 4:51 | Build | Mill |
| 4:53 | Create | Villager (Male) |
| 4:54 | Create | Villager (Male) |
| 5:32 | Create | Villager (Male) |
| 6:36 | Create | Villager (Male) |
| 6:37 | Create | Villager (Male) |
| 6:51 | Build | House |
| 6:59 | Create | Villager (Male) |
| 7:00 | Create | Villager (Male) |
| 7:29 | Research | Loom |
| 7:52 | Create | Villager (Male) |
| 8:21 | Create | Villager (Male) |
| 8:44 | Research | Feudal Age |
| 8:58 | Build | Barracks |
| 10:14 | Build | Mining Camp |
| 10:16 | Build | House |
| 10:34 | Create | Villager (Male) |
| 10:56 | Age | Feudal Age |
| 11:01 | Build | Stable |
| 11:13 | Build | Stable |
| 11:18 | Build | Stone Wall |
| 11:22 | Create | Villager (Male) |
| 11:23 | Create | Villager (Male) |
| 11:34 | Build | Farm |
| 11:50 | Build | Farm |
| 11:51 | Create | Villager (Male) |
| 12:13 | Create | Scout Cavalry |
| 12:20 | Build | Farm |
| 12:35 | Create | Scout Cavalry |
| 12:41 | Build | Stone Wall |
| 12:44 | Build | Stone Wall |
| 12:46 | Create | Scout Cavalry |
| 12:48 | Build | Farm |
| 12:49 | Create | Villager (Male) |
| 13:11 | Create | Villager (Male) |
| 13:20 | Build | House |
| 14:21 | Create | Villager (Male) |
| 14:22 | Create | Villager (Male) |
| 14:24 | Build | Farm |
| 14:29 | Build | Lumber Camp |
| 15:33 | Create | Villager (Male) |
| 15:36 | Build | Farm |
| 15:39 | Build | Farm |
| 15:40 | Build | Farm |
| 15:42 | Create | Villager (Male) |
| 15:50 | Create | Villager (Male) |
| 16:31 | Create | Villager (Male) |
| 16:46 | Build | Blacksmith |
| 16:48 | Build | Stone Wall |
Build order — OhYeahGoodBoy
77 actions detected in the replay
| 0:03 | Build | House |
| 0:04 | Build | House |
| 0:11 | Create | Villager (Male) ×4 |
| 0:12 | Create | Villager (Male) ×4 |
| 0:12 | Research | Loom |
| 1:38 | Create | Villager (Male) |
| 1:38 | Create | Villager (Male) |
| 2:01 | Create | Villager (Male) |
| 2:02 | Create | Villager (Male) |
| 2:02 | Create | Villager (Male) |
| 2:28 | Create | Villager (Male) |
| 2:28 | Create | Villager (Male) |
| 2:28 | Create | Villager (Male) |
| 2:56 | Build | House |
| 2:57 | Build | House |
| 3:12 | Create | Villager (Male) |
| 3:12 | Create | Villager (Male) |
| 3:12 | Create | Villager (Male) |
| 3:13 | Create | Villager (Male) |
| 4:03 | Create | Villager (Male) |
| 4:03 | Create | Villager (Male) |
| 4:03 | Create | Villager (Male) |
| 4:03 | Create | Villager (Male) |
| 4:03 | Create | Villager (Male) |
| 4:24 | Create | Villager (Male) |
| 4:24 | Create | Villager (Male) |
| 5:01 | Build | Mill |
| 5:52 | Create | Villager (Male) ×2 |
| 6:11 | Build | Lumber Camp |
| 6:19 | Create | Villager (Male) |
| 6:19 | Create | Villager (Male) |
| 6:20 | Create | Villager (Male) |
| 6:20 | Create | Villager (Male) |
| 7:29 | Build | Barracks |
| 8:13 | Build | Mining Camp |
| 8:20 | Build | Mining Camp |
| 8:29 | Create | Villager (Male) |
| 8:40 | Create | Militia |
| 8:43 | Create | Villager (Male) |
| 9:05 | Build | Mill |
| 9:36 | Research | Feudal Age |
| 9:47 | Build | House |
| 9:48 | Build | House |
| 9:55 | Build | House |
| 10:01 | Build | House |
| 10:05 | Build | Palisade Wall |
| 10:06 | Build | Palisade Gate |
| 11:01 | Create | Villager (Male) |
| 11:01 | Create | Villager (Male) |
| 11:22 | Create | Militia |
| 11:46 | Age | Feudal Age |
| 11:49 | Create | Spearman |
| 11:49 | Create | Spearman |
| 11:52 | Research | Double-Bit Axe |
| 11:56 | Create | Villager (Male) |
| 12:16 | Build | Mining Camp |
| 12:29 | Create | Villager (Male) |
| 12:41 | Build | Stable |
| 12:51 | Create | Villager (Male) |
| 13:01 | Research | Man-at-Arms (upgrade) |
| 13:02 | Create | Spearman |
| 13:29 | Create | Villager (Male) |
| 13:30 | Create | Villager (Male) |
| 14:00 | Create | Militia |
| 14:00 | Create | Militia |
| 14:38 | Create | Militia |
| 14:59 | Create | Militia |
| 15:06 | Create | Spearman |
| 15:06 | Create | Spearman |
| 15:20 | Create | Spearman |
| 16:17 | Build | Farm |
| 16:18 | Build | Farm |
| 16:18 | Build | Farm |
| 16:19 | Build | Farm |
| 16:19 | Build | Farm |
| 16:23 | Create | Spearman |
| 16:23 | Create | Spearman |
Build order — TheQw
66 actions detected in the replay
| 0:01 | Create | Villager (Male) |
| 0:01 | Create | Villager (Male) |
| 0:05 | Build | House |
| 0:07 | Build | House |
| 0:10 | Create | Villager (Male) |
| 0:56 | Create | Villager (Male) |
| 1:33 | Create | Villager (Male) |
| 1:48 | Build | Mule Cart |
| 2:10 | Create | Villager (Male) |
| 2:37 | Create | Villager (Male) |
| 3:18 | Create | Villager (Male) |
| 3:42 | Create | Villager (Male) |
| 4:17 | Create | Villager (Male) |
| 4:33 | Build | House |
| 4:46 | Create | Villager (Male) |
| 5:09 | Create | Villager (Male) |
| 5:25 | Create | Villager (Male) |
| 5:55 | Build | Barracks |
| 6:13 | Create | Villager (Male) |
| 6:40 | Create | Villager (Male) |
| 7:06 | Create | Villager (Male) |
| 7:11 | Research | Loom |
| 7:34 | Research | Feudal Age |
| 7:44 | Build | Mill |
| 8:07 | Create | Militia |
| 8:10 | Build | House |
| 8:36 | Create | Militia |
| 9:00 | Build | Mule Cart |
| 9:41 | Create | Villager (Male) |
| 9:45 | Create | Militia |
| 10:06 | Age | Feudal Age |
| 10:13 | Create | Militia |
| 10:21 | Build | Farm |
| 10:25 | Build | Farm |
| 10:30 | Build | Farm |
| 10:33 | Create | Villager (Male) |
| 10:39 | Build | House |
| 11:02 | Create | Villager (Male) |
| 11:18 | Research | Man-at-Arms (upgrade) |
| 11:43 | Create | Villager (Male) |
| 12:01 | Create | Villager (Male) |
| 12:17 | Build | Farm |
| 12:20 | Create | Militia |
| 12:26 | Build | Farm |
| 12:30 | Build | Farm |
| 12:43 | Create | Militia |
| 12:49 | Build | House |
| 12:59 | Build | Farm |
| 13:00 | Create | Villager (Male) |
| 13:20 | Create | Militia |
| 13:28 | Build | Blacksmith |
| 13:30 | Build | House |
| 13:43 | Build | Farm |
| 13:54 | Research | Long Swordsman (upgrade) |
| 14:26 | Create | Militia |
| 14:52 | Research | Forging |
| 15:02 | Create | Militia |
| 15:03 | Create | Villager (Male) |
| 15:25 | Build | Mill |
| 15:57 | Create | Militia |
| 16:09 | Build | Farm |
| 16:15 | Create | Villager (Male) |
| 16:58 | Create | Villager (Male) |
| 17:00 | Create | Militia |
| 17:02 | Research | Arson |
| 17:04 | Create | Militia |
Build order — Hodor Noon
75 actions detected in the replay
| 0:02 | Build | House |
| 0:04 | Build | House |
| 0:08 | Create | Villager (Male) |
| 0:08 | Create | Villager (Male) |
| 0:08 | Create | Villager (Male) |
| 0:08 | Create | Villager (Male) |
| 0:09 | Create | Villager (Male) |
| 1:24 | Create | Villager (Male) |
| 1:25 | Create | Villager (Male) |
| 1:45 | Create | Villager (Male) |
| 1:45 | Create | Villager (Male) |
| 1:55 | Build | Settlement |
| 2:24 | Create | Villager (Male) |
| 2:25 | Create | Villager (Male) |
| 2:25 | Create | Villager (Male) |
| 2:49 | Create | Villager (Male) |
| 3:47 | Create | Villager (Male) |
| 4:05 | Create | Villager (Male) |
| 4:52 | Create | Villager (Male) |
| 4:52 | Create | Villager (Male) |
| 4:52 | Create | Villager (Male) |
| 4:53 | Create | Villager (Male) |
| 4:53 | Create | Villager (Male) |
| 5:33 | Build | Settlement |
| 5:37 | Create | Villager (Male) |
| 5:48 | Create | Villager (Male) |
| 6:59 | Build | Dock |
| 7:19 | Create | Villager (Male) |
| 7:28 | Create | Villager (Male) |
| 8:00 | Create | Villager (Male) |
| 8:06 | Create | Fishing Ship |
| 8:17 | Create | Villager (Male) |
| 8:41 | Build | House |
| 8:43 | Research | Feudal Age |
| 8:45 | Research | Loom |
| 9:47 | Build | Settlement |
| 10:43 | Build | Barracks |
| 10:54 | Age | Feudal Age |
| 11:00 | Research | Double-Bit Axe |
| 11:01 | Research | Double-Bit Axe |
| 11:07 | Create | Demolition Raft |
| 11:27 | Create | Villager (Male) |
| 11:27 | Create | Villager (Male) |
| 11:29 | Research | Wheelbarrow |
| 11:40 | Build | Settlement |
| 11:48 | Create | Villager (Male) |
| 11:56 | Create | Villager (Male) |
| 12:19 | Create | Villager (Male) |
| 12:31 | Build | Blacksmith |
| 12:43 | Research | Horse Collar |
| 12:46 | Create | Demolition Raft |
| 13:04 | Build | Settlement |
| 13:07 | Create | Villager (Male) |
| 13:22 | Create | Fishing Ship |
| 13:35 | Create | Villager (Male) |
| 13:51 | Build | Palisade Gate |
| 13:53 | Build | House |
| 13:56 | Build | Palisade Wall |
| 14:01 | Create | Spearman |
| 14:06 | Build | Farm |
| 14:08 | Create | Villager (Male) |
| 14:23 | Build | Farm |
| 14:38 | Create | Spearman |
| 15:37 | Create | Villager (Male) |
| 15:40 | Build | Farm |
| 15:43 | Build | Farm |
| 15:46 | Build | Farm |
| 15:52 | Build | Farm |
| 16:03 | Build | Dock |
| 16:07 | Create | Fishing Ship |
| 16:08 | Research | Tech 906 |
| 16:12 | Build | Farm |
| 16:39 | Build | Settlement |
| 16:44 | Build | Farm |
| 16:46 | Create | Villager (Male) |
Match timeline
| 5:55 | TheQw · first_building Barracks |
| 6:59 | Hodor Noon · first_building Dock |
| 7:29 | OhYeahGoodBoy · first_building Barracks |
| 8:58 | acardend · first_building Barracks |
| 10:05 | OhYeahGoodBoy · wall_segment Palisade Wall x11 |
| 10:06 | TheQw · age_up feudal |
| 10:43 | Hodor Noon · first_building Barracks |
| 10:54 | Hodor Noon · age_up feudal |
| 10:56 | acardend · age_up feudal |
| 11:01 | acardend · first_building Stable |
| 11:18 | acardend · wall_segment Stone Wall x2 |
| 11:46 | OhYeahGoodBoy · age_up feudal |
| 12:41 | acardend · wall_segment Stone Wall x4 |
| 12:41 | OhYeahGoodBoy · first_building Stable |
| 12:44 | acardend · wall_segment Stone Wall x4 |
| 13:56 | Hodor Noon · wall_segment Palisade Wall x1 |
| 16:48 | acardend · wall_segment Stone Wall x1 |
| 17:14 | OhYeahGoodBoy · resign |
[ AI ANALYSIS · 1 CREDIT ]
What really happened in this match?
Wolo.gg analyzes every decision: build order, eco, micro, common mistakes by bracket. Personalized analysis on WhatsApp or Discord in 30 seconds.
Civ guide
Magyars
Map guide
Coastal Forest
Perfil
Jugador #469862